 Dungeon Crawl Stone Soup version 0.29.0-4-gdea44cf6ec (webtiles) character file.

Game seed: 812356801218573792

158 qw the Ruffian (level 5, -5/41 HPs)
             Began as a Ghoul Fire Elementalist on Aug 29, 2022.
             Killed from afar by an orc wizard (8 damage)
             ... with a puff of flame
             ... on level 2 of the Dungeon.
             The game lasted 00:02:26 (3114 turns).

qw the Ruffian (Ghoul Fire Elementalist)            Turns: 3114, Time: 00:02:27

Health: -5/41      AC:  6    Str: 14    XL:     5   Next: 40%
Magic:  6/6        EV:  9    Int: 10    God:
Gold:   131        SH:  0    Dex:  9    Spells: 6/7 levels left

rFire   . . .      SeeInvis .     - Unarmed
rCold   + . .      Faith    .   (no shield)
rNeg    + + +      Spirit   .   c - +0 scale mail
rPois   inf        Reflect  .   (no helmet)
rElec   .          Harm     .   (no cloak)
rCorr   .          Rampage  .   (no gloves)
Will    .....                   (no boots)
Stlth   ..........              (no amulet)
HPRegen 0.00/turn               (no ring)
MPRegen 0.10/turn               (no ring)

@: confused, about to teleport, inhibited regen, slowed, very slow
A: claws 1, cold resistance 1, negative energy resistance 3, inhibited
regeneration, torment resistance 2, devour on kill
a: no special abilities


You were on level 2 of the Dungeon.
You visited 1 branch of the dungeon, and saw 2 of its levels.

You collected 131 gold pieces.


Innate Abilities, Weirdness & Mutations

You are immune to poison.
You have sharp fingernails.
Your flesh is cold resistant. (rC+)
You are immune to negative energy. (rN+++)
You do not regenerate when monsters are visible.
You are immune to unholy pain and torment.
You thrive by killing the living.


   Skills:
 - Level 2.0 Fighting
 - Level 1.7 Dodging
 - Level 2.1 Stealth
 + Level 4.9 Unarmed Combat
 - Level 1.7 Spellcasting
 - Level 0.7 Conjurations
 - Level 2.4 Fire Magic


You had 6 spell levels left.
You knew the following spells:

 Your Spells              Type           Power      Damage    Failure   Level
a - Foxfire               Conj/Fire      16%        2x1d4     58%         1

Your spell library contained the following spells:

 Spells                   Type           Power      Damage    Failure   Level
 Scorch                   Fire           10%        2d6       63%         2
 Conjure Flame            Conj/Fire      4%         6-21      92%         3
 Inner Flame              Hex/Fire       3%         N/A       95%         3
 Flame Wave               Conj/Fire      4%         2d5       100%        4

Inventory:

Armour
 c - a +0 scale mail (worn)
 g - a +4 ring mail
Scrolls
 f - a scroll of identify
Potions
 a - a potion of degeneration {unknown}
 b - 3 potions of lignification {unknown}
 d - a potion of brilliance {unknown}
 e - a potion of curing {unknown}
 i - a potion of heal wounds {unknown}

Dungeon Overview and Level Annotations

Branches:
Dungeon (2/15)

Altars:

Annotations:
D:2 1 runed translucent door, Crazy Yiuf, Natasha, Terence


Message History

Natasha howls an incantation.
Natasha shimmers violently.
You see here a bat corpse.
You claw the orc wizard!
The orc wizard is heavily wounded.
The orc wizard hits you with a +0 dagger.
You barely miss the orc wizard.
The orc wizard is heavily wounded.
Natasha casts a spell at you.
You feel as though you will be slow longer.
The orc wizard hits you with a +0 dagger.
You scratch the orc wizard.
The orc wizard is almost dead.
The orc wizard barely misses you. Natasha barely misses you.
The orc wizard hits you but does no damage.
You completely miss the orc wizard.
The orc wizard is almost dead.
Natasha claws you.
The orc wizard hits you but does no damage.
Natasha casts a spell at you. The magic dart hits you.
3112 ||| READING scroll of teleportation.
As you read the scroll of teleportation, it crumbles to dust.
You feel strangely unstable.
The orc wizard hits you but does no damage.
Natasha closely misses you.
The orc wizard gestures at you while chanting.
You are confused.
You scratch Natasha.
Natasha is heavily wounded.
Natasha howls an incantation.
Natasha glows brightly for a moment.
Natasha claws you.
The orc wizard hits you with a +0 dagger.
You scratch the orc wizard but do no damage.
The orc wizard is almost dead.
Natasha claws you. The orc wizard casts a spell at you.
The puff of flame hits you!
You die...

##'### ##..####.# #..
#.########## #...### #?
##.##.......# #.o...# # ##
#...........# #...#.##.#
######..#..[.....#
##o......#
...%%...#........#
#o#.%.###
###.##.##........#
#{%.....# #
#.##.##.)......# #%@.....#
#............h@####.......#
#.......######.o@ooo...^###
#.##.##.######.####.....#
#.##.##.##...#.#####..###
#.##..................#
#.......##...#.#####.##
#.......######.#####.#
######### #.......# #####
#########


You could see Terence, an orc wizard, Natasha and 3 orcs.

Vanquished Creatures
  Jessica (D:2)
  Natasha (twice) (D:2)
  2 adders (D:2)
  A worm (D:2)
  4 dart slugs
  An orc (D:2)
  5 endoplasms
  3 giant cockroaches
  2 goblins (D:2)
  4 hobgoblins
  4 jackals (D:1)
  5 kobolds
  3 quokkas (D:1)
  4 ball pythons
  4 bats
  2 frilled lizards (D:1)
  7 rats
54 creatures vanquished.

Vanquished Creatures (others)
  A fungus (D:1)
1 creature vanquished.

Grand Total: 55 creatures vanquished

Notes
Turn   | Place    | Note
-------+----------+-------------------------------------------
     0 | D:1      | qw the Ghoul Fire Elementalist began the quest for the Orb.
     0 | D:1      | Reached XP level 1. HP: 14/14 MP: 2/2
     0 | D:1      | 0 ||| qw: Version: 0.1-a-90-g952f4b7
     0 | D:1      | 0 ||| qw: Game counter: 3998
     0 | D:1      | 0 ||| qw: Always use a shield: true
     0 | D:1      | 0 ||| qw: God list: Okawaru
     0 | D:1      | 0 ||| qw: Allow faded altars: false
     0 | D:1      | 0 ||| qw: Do Orc after D:15 true
     0 | D:1      | 0 ||| qw: Do second Lair branch before Depths: true
     0 | D:1      | 0 ||| qw: Lair rune preference: random
     0 | D:1      | 0 ||| qw: Plans: Normal
     0 | D:1      | 0 ||| PLANNING D:1-11
    10 | D:1      | 10 ||| Stepping ~*~*~tactically~*~*~ (outnumbered).
    11 | D:1      | 11 ||| Stepping ~*~*~tactically~*~*~ (outnumbered).
    12 | D:1      | 12 ||| Stepping ~*~*~tactically~*~*~ (outnumbered).
    20 | D:1      | 20 ||| Stepping ~*~*~tactically~*~*~ (stealth).
    41 | D:1      | 41 ||| Stepping ~*~*~tactically~*~*~ (stealth).
    44 | D:1      | 44 ||| Stepping ~*~*~tactically~*~*~ (stealth).
    49 | D:1      | 49 ||| Stepping ~*~*~tactically~*~*~ (stealth).
    61 | D:1      | Reached skill level 1 in Unarmed Combat
   421 | D:1      | Reached XP level 2. HP: 10/22 MP: 3/3
   627 | D:1      | Reached skill level 1 in Fighting
   977 | D:1      | Reached skill level 2 in Unarmed Combat
  1216 | D:1      | Found a faded altar of an unknown god.
  1296 | D:1      | Reached XP level 3. HP: 28/28 MP: 4/4
  1856 | D:1      | 1856 ||| UPGRADING to +0 scale mail.
  1866 | D:1      | 1866 ||| DROPPING +0 robe.
  1867 | D:1      | 1867 ||| READING scroll labelled TURYHURHUY.
  1868 | D:1      | 1868 ||| READING scroll labelled WATUKE MAIZA.
  1869 | D:1      | 1869 ||| READING scroll labelled TUCOZU UTZIYR.
  1870 | D:1      | 1870 ||| READING scroll labelled QEXOUNK FEOH.
  1875 | D:1      | 1875 ||| DROPPING potion of magic.
  1918 | D:2      | 1918 ||| STAIRDANCE
  1935 | D:2      | 1935 ||| STAIRDANCE
  1996 | D:2      | Noticed Jessica
  2003 | D:2      | Killed Jessica
  2004 | D:2      | Reached skill level 3 in Unarmed Combat
  2004 | D:2      | Reached XP level 4. HP: 27/35 MP: 5/5
  2142 | D:2      | 2142 ||| Stepping ~*~*~tactically~*~*~ (hiding).
  2143 | D:2      | 2143 ||| Stepping ~*~*~tactically~*~*~ (hiding).
  2165 | D:2      | Noticed Natasha
  2185 | D:2      | Killed Natasha
  2186 | D:2      | Reached skill level 4 in Unarmed Combat
  2444 | D:2      | Found a runed translucent door.
  2445 | D:2      | Noticed Crazy Yiuf
  2649 | D:2      | Noticed Natasha
  2650 | D:2      | 2650 ||| Stepping ~*~*~tactically~*~*~ (hiding).
  2659 | D:2      | Killed Natasha
  2660 | D:2      | Reached XP level 5. HP: 21/41 MP: 6/6
  3072 | D:2      | Noticed Terence
  3072 | D:2      | Found the +1 Delatra's gloves {ID++}
  3073 | D:2      | 3073 ||| Stepping ~*~*~tactically~*~*~ (hiding).
  3075 | D:2      | 3075 ||| Stepping ~*~*~tactically~*~*~ (outnumbered).
  3077 | D:2      | 3077 ||| FLEEEEING.
  3078 | D:2      | 3078 ||| FLEEEEING.
  3079 | D:2      | 3079 ||| FLEEEEING.
  3080 | D:2      | 3080 ||| FLEEEEING.
  3081 | D:2      | 3081 ||| FLEEEEING.
  3082 | D:2      | 3082 ||| FLEEEEING.
  3083 | D:2      | 3083 ||| FLEEEEING.
  3084 | D:2      | 3084 ||| FLEEEEING.
  3085 | D:2      | 3085 ||| FLEEEEING.
  3086 | D:2      | 3086 ||| FLEEEEING.
  3087 | D:2      | 3087 ||| FLEEEEING.
  3088 | D:2      | 3088 ||| FLEEEEING.
  3089 | D:2      | 3089 ||| FLEEEEING.
  3090 | D:2      | 3090 ||| FLEEEEING.
  3091 | D:2      | 3091 ||| FLEEEEING.
  3092 | D:2      | 3092 ||| FLEEEEING.
  3093 | D:2      | 3093 ||| FLEEEEING.
  3094 | D:2      | 3094 ||| FLEEEEING.
  3095 | D:2      | 3095 ||| FLEEEEING.
  3096 | D:2      | 3096 ||| FLEEEEING.
  3097 | D:2      | 3097 ||| FLEEEEING.
  3098 | D:2      | 3098 ||| FLEEEEING.
  3099 | D:2      | 3099 ||| FLEEEEING.
  3100 | D:2      | 3100 ||| FLEEEEING.
  3101 | D:2      | 3101 ||| FLEEEEING.
  3102 | D:2      | 3102 ||| FLEEEEING.
  3103 | D:2      | 3103 ||| FLEEEEING.
  3105 | D:2      | 3105 ||| FLEEEEING.
  3105 | D:2      | Noticed Natasha
  3111 | D:2      | HP: 10/41 [Natasha/magic dart (1)]
  3112 | D:2      | 3112 ||| READING scroll of teleportation.
  3113 | D:2      | HP: 4/41 [orc wizard/+0 dagger (1)]
  3114 | D:2      | Killed from afar by an orc wizard

Levels and vault maps discovered:
D:1:      spicycebolla_arrival_clurvy, layout_basic,
          shapermc_ecumenical_altar_petra, minmay_shallow_snake_nest
D:2:      layout_loops_cross, minmay_liquid_box, pf_guarded_unrand_delatra,
          uniq_natasha, uniq_crazy_yiuf_cottage, uniq_jessica, uniq_terence

Skill      XL: |  1  2  3  4 |
---------------+-------------+-----
Unarmed Combat | 1 2 3 4 |  4.9
Fighting       | 1 2 |  2.0
Dodging        | |  1.7
Stealth        | |  2.1
Spellcasting   | |  1.7
Conjurations   | |  0.7
Fire Magic     | |  2.4

Action                   |  1- 3 |  4- 6 || total
-------------------------+-------+-------++-------
Melee: Unarmed           |   130 |    88 ||   218
       Punch             |     3 |     2 ||     5
  Use: Scroll            |     4 |     1 ||     5
 Stab: Sleeping          |     1 |       ||     1
Armor: Robe              |    19 |       ||    19
       Scale mail        |     6 |    39 ||    45
Dodge: Dodged            |    68 |    27 ||    95

Table legend:
 A = Non-vault XP
 B = Vault XP
 C = Vault XP percentage of total XP
 D = Non-vault monster count
 E = Vault monster count
 F = Vault count percentage of total count
                 A         B        C        D         E       F
            +---------+---------+-------+---------+---------+-------
      Total |     150 |      77 |  33.9 |      50 |       4 |   7.4
            +---------+---------+-------+---------+---------+-------
        D:1 |      47 |       1 |   2.1 |      27 |       1 |   3.6
        D:2 |     103 |      76 |  42.5 |      23 |       3 |  11.5
            +---------+---------+-------+---------+---------+-------
